 Dungeon Crawl Stone Soup version 0.29.1-12-g30fa7ad0bf (webtiles) character file.

Game seed: 14202908310808345793

6270 cheesebisquit the Grappler (level 10, -4/102 HPs)
             Began as a Troll Berserker on Jan 15, 2023.
             Was a Believer of Trog.
             Slain by a gnoll sergeant
             ... wielding a +0 halberd
              (11 damage)
             ... in a bailey.
             The game lasted 00:28:24 (6551 turns).

cheesebisquit the Grappler (Troll Berserker)        Turns: 6551, Time: 00:28:25

Health: -4/102     AC:  5    Str: 31    XL:     10   Next: 63%
Magic:  9/9        EV:  9    Int:  3    God:    Trog [**....]
Gold:   285        SH: 13    Dex: 15    Spells: 9/9 levels left

rFire   . . .      SeeInvis .     - Unarmed
rCold   . . .      Faith    .   H - +0 kite shield
rNeg    . . .      Spirit   .   a - +0 animal skin
rPois   .          Reflect  +   (helmet restricted)
rElec   .          Harm     .   I - +0 cloak {rCorr}
rCorr   +          Rampage  .   (gloves unavailable)
Will    ++...                   (boots unavailable)
Stlth   +.........              J - amulet of reflection
HPRegen 2.07/turn               k - +6 ring of dexterity
MPRegen 0.11/turn               w - ring of flight

@: about to teleport, weakened, strong-willed (expiring), flying, regenerating
(expiring)
A: large, unfitting armour, claws 3, regeneration 1, shaggy fur 1, tough skin 1
a: Renounce Religion, Berserk, Trog's Hand


You were in a bailey.
You worshipped Trog.
Trog was pleased with you.
You visited 1 branch of the dungeon, and saw 9 of its levels.
You also visited: Bailey.

You collected 397 gold pieces.
You spent 112 gold pieces at shops.

Inventory:

Missiles
 f - 83 stones (quivered)
 q - 23 poisoned darts
 L - a throwing net
Armour
 a - a +0 animal skin (worn)
 H - a +0 kite shield (worn)
 I - a +0 cloak of preservation (worn)
Jewellery
 k - a +6 ring of dexterity (left claw)
 u - a ring of protection from cold
 w - a ring of flight (right claw)
 C - an amulet of regeneration
 J - an amulet of reflection (around neck)
Wands
 d - a wand of mindburst (13)
 r - a wand of roots (12)
 y - a wand of flame (19)
 E - a wand of light (3)
Scrolls
 b - a scroll of torment {unknown}
 e - 4 scrolls of teleportation
 h - a scroll of poison {unknown}
 i - 2 scrolls of blinking
 j - a scroll of silence
 m - a scroll of enchant weapon {unknown}
 o - 2 scrolls of fear
 s - a scroll of amnesia {unknown}
 G - a scroll of immolation {unknown}
Potions
 c - 3 potions of might
 g - 4 potions of lignification
 l - 3 potions of mutation
 p - a potion of degeneration
 t - a potion of berserk rage
 v - a potion of magic
 z - 2 potions of flight
 A - a potion of invisibility
 B - 4 potions of resistance
 D - a potion of brilliance {unknown}
 F - a potion of attraction {unknown}
 K - a potion of cancellation {unknown}


   Skills:
 + Level 7.0 Fighting
 + Level 7.1 Throwing
 + Level 6.4 Armour
 - Level 2.4 Dodging
 * Level 3.3 Shields
 + Level 8.5 Unarmed Combat


You had 9 spell levels left.
You didn't know any spells.
Your spell library was empty.

Dungeon Overview and Level Annotations

Branches:
Dungeon (9/15)             Temple (0/1) D:4            Lair (0/5) D:8
 Bailey (1/1)
    Orc: D:9-12

Altars:
Elyvilon
Gozag
Kikubaaqudgha
Makhleb
Okawaru
The Shining One

Shops:
D:3 ?   D:5 ?*   D:7 [


Innate Abilities, Weirdness & Mutations

You are too large for most types of armour.
You have claws for hands.
Your natural rate of healing is unusually fast.
You are covered in fur. (AC +1)
You have tough skin. (AC +1)


Message History

The gnoll sergeant hits you from afar with a +0 halberd.
* * * LOW HITPOINT WARNING * * *
You feel better. You block the gnoll bouda's attack.
The gnoll bouda hits you from afar with a +0 spear.
* * * LOW HITPOINT WARNING * * *
You block the gnoll sergeant's attack.
You feel better.
You feel less wooden.
Your +0 cloak of preservation unmelds from your body.
Your +0 animal skin unmelds from your body.
You recover from your berserk rage.
The gnoll bouda hits you but does no damage.
The gnoll bouda hits you from afar with a +0 spear!
* * * LOW HITPOINT WARNING * * *
You block the gnoll sergeant's attack.
You feel better.
The gnoll is no longer moving quickly. x2
You block the gnoll bouda's attack.
The gnoll bouda barks out a call to the hunt!
The gnolls pick up the pace!
The gnoll bouda hits you from afar with a +0 spear.
* * * LOW HITPOINT WARNING * * *
The gnoll sergeant hits you from afar with a +0 halberd!
* * * LOW HITPOINT WARNING * * *
Okay, then.
As you read the scroll of teleportation, it crumbles to dust.
You feel strangely unstable.
You feel the effects of Trog's Hand fading.
The wolf stops to sniff the ground.
The gnoll bouda barely misses you.
The gnoll bouda hits you from afar with a +0 spear.
* * * LOW HITPOINT WARNING * * *
The gnoll sergeant closely misses you.
The gnoll bouda hits you from afar with a +0 halberd.
* * * LOW HITPOINT WARNING * * *
The gnoll bouda hits you from afar with a +0 spear.
* * * LOW HITPOINT WARNING * * *
Things that are here:
a +0 glaive; a +0 plate armour The gnoll sergeant hits you from afar with a +0 halberd!
You die...

♣♣♣♣♣♣♣♣♣♣♣♣♣♣♣♣
♣♣≈≈≈≈≈≈≈≈≈≈≈≈≈≈≈
♣≈≈..............
♣≈...............
♣≈..#####@..####
♣≈.##.g.#)).#
♣≈##..ggg))(+
♣≈#..ggg#...#
♣≈#8.hhh##+##
♣≈#...g ♣≈#...#
♣≈#... ♣≈#..


You could see 2 gnoll sergeants, 2 wolves and a gnoll (swift).

Vanquished Creatures
  A catoblepas (D:8)
  Pikel (D:4)
  Joseph (D:8)
  Maggie (D:7)
  A hornet (D:7)
  Grinder (D:4)
  Sigmund (D:3)
  A wraith (D:8)
  A steam dragon (D:7)
  Edmund (D:5)
  Duvessa (D:7)
  3 water moccasins
  A sky beast (D:6)
  4 ice beasts
  3 orc warriors
  An ogre (D:5)
  2 black bears
  2 centaurs
  Blork the orc (D:5)
  2 kobold brigands
  3 gnoll sergeants
  3 bullfrogs
  3 scorpions (D:4)
  Dowan (D:7)
  11 killer bees
  5 jellies
  5 hounds
  2 orc priests
  Terence (D:3)
  Natasha (thrice) (D:4)
  6 orc wizards
  Robin (D:3)
  10 gnolls
  3 adders
  A shadow imp (D:6)
  A white imp (D:7)
  An ufetubus (D:5)
  3 worms
  2 dart slugs
  25 orcs
  8 endoplasms
  5 giant cockroaches
  21 goblins
  6 hobgoblins
  16 kobolds
  A quokka (D:5)
  9 ball pythons
  7 bats
  A frilled lizard (D:2)
  5 rats (D:1)
199 creatures vanquished.

Vanquished Creatures (others)
  3 plants (D:7)
3 creatures vanquished.

Grand Total: 202 creatures vanquished

Notes
Turn   | Place    | Note
-------+----------+-------------------------------------------
     0 | D:1      | cheesebisquit the Troll Berserker began the quest for the
                  | Orb.
     0 | D:1      | Reached XP level 1. HP: 22/22 MP: 0/0
   180 | D:1      | Reached XP level 2. HP: 29/29 MP: 1/1
   645 | D:1      | Reached ** piety under Trog
   762 | D:2      | Reached XP level 3. HP: 36/36 MP: 2/2
   790 | D:2      | Reached skill level 1 in Armour
   879 | D:2      | Found a faded altar of an unknown god.
  1090 | D:2      | Reached skill level 1 in Throwing
  1317 | D:2      | Reached XP level 4. HP: 45/45 MP: 3/3
  1604 | D:3      | Found Cozul's Magic Scroll Emporium.
  1613 | D:3      | Bought a scroll of identify for 28 gold pieces
  1613 | D:3      | Bought a scroll of identify for 28 gold pieces
  1672 | D:3      | Noticed Sigmund
  1700 | D:3      | Killed Sigmund
  1701 | D:3      | Reached skill level 4 in Unarmed Combat
  1701 | D:3      | Reached XP level 5. HP: 17/53 MP: 4/4
  1784 | D:3      | Noticed Robin
  1804 | D:3      | Killed Robin
  1805 | D:3      | Reached XP level 6. HP: 61/61 MP: 5/5
  1876 | D:3      | Noticed Terence
  1883 | D:3      | Killed Terence
  2368 | D:3      | Bought a scroll of identify for 28 gold pieces
  2534 | D:4      | Noticed Pikel
  2550 | D:4      | Killed Pikel
  2551 | D:4      | Reached skill level 5 in Unarmed Combat
  2551 | D:4      | Reached XP level 7. HP: 71/71 MP: 6/6
  2629 | D:4      | Found a staircase to the Ecumenical Temple.
  2665 | D:4      | Reached XP level 8. HP: 74/79 MP: 7/7
  2698 | D:4      | Noticed Natasha
  2706 | D:4      | Killed Natasha
  2845 | D:4      | Noticed Natasha
  2847 | D:4      | Killed Natasha
  3025 | D:4      | Noticed Natasha
  3031 | D:4      | Killed Natasha
  3098 | D:4      | Noticed Grinder
  3106 | D:4      | Killed Grinder
  3137 | D:4      | Reached skill level 6 in Unarmed Combat
  3249 | D:5      | Entered Level 5 of the Dungeon
  3276 | D:5      | Found Zawog's Magic Scroll Boutique.
  3284 | D:5      | Bought a scroll of identify for 28 gold pieces
  3318 | D:5      | Reached skill level 5 in Fighting
  3374 | D:5      | Noticed Edmund
  3376 | D:5      | Noticed Blork the orc
  3383 | D:5      | Killed Edmund
  3387 | D:5      | Killed Blork the orc
  3454 | D:5      | Reached *** piety under Trog
  3462 | D:5      | Reached skill level 5 in Throwing
  3462 | D:5      | Reached XP level 9. HP: 40/88 MP: 8/8
  3538 | D:5      | Found Loc Kuow's Elemental Accessories.
  3623 | D:5      | Found an ancient bone altar of Kikubaaqudgha.
  3760 | D:6      | Found an opulent altar of Gozag.
  3761 | D:6      | Found an iron altar of Okawaru.
  3980 | D:6      | Reached skill level 5 in Armour
  3980 | D:6      | Reached skill level 7 in Unarmed Combat
  4547 | D:7      | Paralysed by a hornet for 1 turns
  4717 | D:7      | Found Plog's Antique Armour Emporium.
  4814 | D:7      | Noticed Maggie
  4833 | D:7      | Killed Maggie
  4959 | D:7      | Noticed Duvessa
  4959 | D:7      | Noticed Dowan
  4968 | D:7      | Killed Dowan
  4973 | D:7      | Killed Duvessa
  5201 | D:7      | Found a white marble altar of Elyvilon.
  5242 | D:7      | Reached XP level 10. HP: 92/100 MP: 9/9
  5428 | D:7      | Reached skill level 8 in Unarmed Combat
  5655 | D:8      | Found a staircase to the Lair.
  5691 | D:8      | Noticed Joseph
  5717 | D:8      | Killed Joseph
  5718 | D:8      | Reached skill level 1 in Shields
  5773 | D:8      | Found a burning altar of Makhleb.
  6092 | D:8      | Noticed a catoblepas
  6123 | D:8      | Killed a catoblepas
  6285 | D:8      | Found a glowing golden altar of the Shining One.
  6393 | D:9      | Found a flagged portal.
  6415 | Bailey   | Entered a bailey
  6550 | Bailey   | HP: 5/102 [gnoll bouda/+0 spear (6)]
  6551 | Bailey   | Slain by a gnoll sergeant

Illustrated notes

Levels and vault maps discovered:
D:1:      heliophobic_arrival_henge, layout_basic
D:2:      layout_basic, ebering_ecumenical_altar_rust
D:3:      layout_loops_ring, serial_shops, shop_fountains, uniq_sigmund,
          uniq_terence, uniq_robin
D:4:      layout_loops_cross, minmay_temple_entry_sparse_star,
          kennysheep_decorative_pillar, grunt_tough_drop, uniq_pikel,
          uniq_grinder, uniq_natasha
D:5:      layout_rooms, nicolae_kikubaaqudgha_miasma_corner, serial_shops,
          nicolae_shop_hallway_plus, st_stairs_4, nicolae_elemental_shop,
          uniq_blork_the_orc, uniq_edmund
D:6:      layout_gridville, okawaru_ov_weapons_minmay,
          mainiacjoe_overflow_chevrons, lemuel_flamethrower_2
D:7:      layout_cave_pods, nicolae_elyvilon_temple_path, serial_shops,
          nicolae_diamond_shop, uniq_duvessa, uniq_maggie
D:8:      layout_rooms, lightli_temple_of_fire, old_standard_altar,
          lair_entry_dummy, wad_mini_maze, uniq_joseph
D:9:      layout_stronghold, enter_bailey_4, nicolae_blasting_shop
Bailey:   bailey_polearm_gnolls_kennysheep, bailey

Skill      XL: |  1  2  3  4  5  6  7  8  9 10 |
---------------+-------------------------------+-----
Armour         | 1 2 3 4 5 6 |  6.4
Fighting       | 3 4 5 6 7 |  7.0
Throwing       | 1 2 3 5 6 7 |  7.1
Unarmed Combat | 4 5 6 7 8 |  8.5
Shields        | 3 |  3.3
Dodging        | |  2.4

Action                   |  1- 3 |  4- 6 |  7- 9 | 10-12 || total
-------------------------+-------+-------+-------+-------++-------
Melee: Unarmed           |   108 |   114 |   247 |   148 ||   617
       Punch             |     3 |     5 |     8 |     2 ||    18
Invok: Trog's Hand       |       |     6 |    11 |     9 ||    26
       Berserk           |       |     5 |     4 |     6 ||    15
  Use: Scroll            |       |     7 |     9 |     2 ||    18
       Potion            |       |     1 |       |     7 ||     8
 Stab: Sleeping          |     1 |     2 |     2 |       ||     5
Armor: Animal skin       |    36 |    55 |    83 |    41 ||   215
       Skin              |       |       |       |    50 ||    50
Dodge: Dodged            |    46 |    81 |   121 |    69 ||   317
Block: Kite shield       |       |       |       |   161 ||   161
       Reflection        |       |       |       |     3 ||     3
